 Dungeon Sprint DCSS version 0.23.0 (webtiles) character file.

Game seed: 16172051848101614899

59001 Kairos the Executioner (level 15, -2/141 HPs)
             Began as a Formicid Fighter on Feb 12, 2019.
             Was the Champion of Qazlal.
             Killed from afar by a white draconian (16 damage)
             ... with a chilling blast
             ... in the Dungeon (Sprint V: "Ziggurat Sprint").
             The game lasted 00:23:09 (1811 turns).

Kairos the Executioner (Formicid Fighter)           Turns: 1811, Time: 00:23:13

Health: -2/141     AC: 25    Str: 37    XL:     15   Next: 32%
Magic:  41/42      EV:  7    Int: 21    God:    Qazlal [******]
Gold:   0          SH: 39    Dex: 10    Spells: 39/42 levels left

rFire    + . .     SeeInvis +   D - +14 obsidian axe {chop, +Fly SInv *Curse} (curse)
rCold    + . .     Gourm    .   F - +18 shield of the Gong {rElec rN+ MR+ EV-5}
rNeg     + + .     Faith    .   a - +5 gold dragon scales
rPois    +         Spirit   .   (helmet unavailable)
rElec    +         Reflect  .   (no cloak)
rCorr    .         Harm     .   A - +1 pair of gloves {archery}
MR       ++...                  T - +0 pair of boots {run}
Stlth    ..........             K - amulet of the Genius {Regen+ Int+7}
HPRegen  0.73/turn              w - ring "Tebop" {rN+ Str+5 Int+4}
MPRegen  0.28/turn              x - ring of Oposmigo {-Tele *Corrode MP+9 EV+4 Str+7}

@: lethally poisoned (-2 -> -2), protected from electricity, corroded,
mesmerised, studying 3 skills, repel missiles, quick
A: permanent stasis, dig shafts and tunnels, four strong arms, antennae 3
a: Dig, Upheaval, Elemental Force, Disaster Area, Renounce Religion, Evoke
Flight


You were in the Dungeon.
You worshipped Qazlal.
Qazlal was exalted by your worship.
You were not hungry.

You visited 1 branch

Inventory:

Hand Weapons
 b - a +9 executioner's axe of draining
 c - a +5 demon whip of protection
 r - the +6 whip "Tighaeq" {slash, rPois rC+}
   (You took it off an iron imp in the Dungeon)

   It inflicts extra damage upon your enemies.
   It protects you from cold.
   It protects you from poison.
 C - the +9 heavy crossbow "Sniper" {velocity, Acc+∞ SInv}
   (You found it in the Dungeon)

   Any bolt fired from it inflicts extra damage.
   It lets you see invisible.
 D - the cursed +14 obsidian axe (weapon) {chop, +Fly SInv *Curse}
   (You found it in the Dungeon)

   It inflicts extra damage upon your enemies.
   It lets you see invisible.
   It lets you fly.
   It curses itself when equipped.
   It has a curse placed upon it.
 G - the +7 great mace "Firestarter" {inner flame, rF++}
   (You found it in the Dungeon)

   It has been specially enchanted to burn those struck by it, causing extra
   injury to most foes and up to half again as much damage against particularly
   susceptible opponents.
   It greatly protects you from fire.
 H - the +8 lance "Wyrmbane" {slay drac, rPois rF+ rC+ AC+3}
   (You found it in the Dungeon)

   It affects your AC (+3).
   It protects you from fire.
   It protects you from cold.
   It protects you from poison.
 P - the +10 morningstar of Perversion {crush, Dex+3}
   (You took it off an orc priest in the Dungeon)

   It inflicts extra damage upon your enemies.
   It affects your dexterity (+3).
 V - the +5 executioner's axe of Coruriul {chop, Str+3 Stlth+}
   (You took it off a nagaraja in the Dungeon)

   It inflicts extra damage upon your enemies.
   It affects your strength (+3).
   It makes you more stealthy.
Armour
 a - +5 gold dragon scales (worn)
 A - a +1 pair of gloves of archery (worn)
 E - the +15 Maxwell's patent armour {-Cast -Tele rElec MR+ rCorr}
   (You found it in the Dungeon)

   It insulates you from electricity.
   It affects your resistance to hostile enchantments.
   It prevents spellcasting.
   It prevents most forms of teleportation.
   It provides partial protection from all sources of acid and corrosion.
 F - the +18 shield of the Gong (worn) {rElec rN+ MR+ EV-5}
   (You found it in the Dungeon)

   It affects your evasion (-5).
   It insulates you from electricity.
   It protects you from negative energy.
   It affects your resistance to hostile enchantments.
 T - a +0 pair of boots of running (worn)
Jewellery
 w - the ring "Tebop" (left hand) {rN+ Str+5 Int+4}
   (You found it in the Dungeon)

   [ring of positive energy]

   It affects your strength (+5).
   It affects your intelligence (+4).
   It protects you from negative energy.
 x - the ring of Oposmigo (right hand) {-Tele *Corrode MP+9 EV+4 Str+7}
   (You found it in the Dungeon)

   [ring of evasion]

   It affects your evasion (+4).
   It affects your strength (+7).
   It affects your magic capacity (+9).
   It prevents most forms of teleportation.
   It may corrode you when you take damage.
 K - the amulet of the Genius (around neck) {Regen+ Int+7}
   (You found it in the Dungeon)

   [amulet of regeneration]

   It affects your intelligence (+7).
   It increases your rate of regeneration.
 L - the amulet "Qeim Mall" {rC+ Regen+ Str+2}
   (You took it off a fire giant in the Dungeon)

   [amulet of regeneration]

   It affects your strength (+2).
   It protects you from cold.
   It increases your rate of regeneration.
 O - an uncursed ring of resist corrosion
 Q - the ring of the Mage {Wiz MR++ Int+3}
   (You found it in the Dungeon)

   [ring of wizardry]

   It improves your spell success rate.
   It affects your intelligence (+3).
   It affects your resistance to hostile enchantments.
 S - the ring "Foupaf" {MP+9 Str+4}
   (You found it in the Dungeon)

   [ring of magical power]

   It affects your strength (+4).
   It affects your magic capacity (+9).
Wands
 t - a wand of disintegration (7)
 u - a wand of iceblast (7)
 v - a wand of acid (7)
Scrolls
 h - 4 scrolls of amnesia
 j - 5 scrolls of fog
 k - a scroll of holy word
 l - 4 scrolls of identify
 m - 5 scrolls of remove curse
 n - 2 scrolls of fear
 y - a scroll of brand weapon
Potions
 d - 5 potions of might
 e - 10 potions of curing
 g - 6 potions of heal wounds
 i - 7 potions of magic
 o - 2 potions of brilliance
 p - a potion of invisibility
 q - 2 potions of resistance
 s - 5 potions of agility
Books
 I - a manual of Throwing
 R - a manual of Necromancy
 W - a manual of Polearms
Miscellaneous
 z - a phial of floods
 B - 2 phantom mirrors
 U - a box of beasts
Comestibles
 f - 7 rations


   Skills:
 + Level 20.1 Fighting
 - Level 26.0 Axes
 + Level 15.4 Armour
 + Level 1.9 Dodging
 - Level 4.5 Stealth
 - Level 9.1 Shields
 * Level 14.2 Spellcasting
 * Level 10.9 Necromancy
 - Level 9.1 Invocations
 + Level 2.3 Evocations


You had 39 spell levels left.
You knew the following spells:

 Your Spells              Type           Power        Failure   Level  Hunger
a - Regeneration          Chrm/Necr      #####.....   12%         3    None

Your spell library contained the following spells:

 Spells                   Type           Power        Failure   Level  Hunger
 Animate Skeleton         Necr           N/A          1%          1    None
 Pain                     Necr           ####         1%          1    None
 Corpse Rot               Necr           N/A          1%          2    None
 Sublimation of Blood     Necr           ######....   1%          2    None
 Animate Dead             Necr           N/A          4%          4    None
 Agony                    Necr           ######..     12%         5    ###....
 Dispel Undead            Necr           ######..     12%         5    ###....
 Apportation              Tloc           ##....       36%         1    None
 Beastly Appendage        Tmut           ##....       36%         1    None
 Confusing Touch          Hex            ##....       36%         1    None
 Corona                   Hex            ##.....      36%         1    None
 Flame Tongue             Conj/Fire      ##...        36%         1    None
 Infusion                 Chrm           ##..         36%         1    None
 Sandblast                Erth           ##....       36%         1    None
 Shock                    Conj/Air       ##..         36%         1    None
 Sting                    Conj/Pois      ##..         36%         1    None
 Summon Small Mammal      Summ           ##..         36%         1    None
 Ensorcelled Hibernation  Hex/Ice        ##....       52%         2    None
 Passwall                 Tmut/Erth      ##......     52%         2    None
 Poisonous Vapours        Pois/Air       ##....       52%         2    None
 Shroud of Golubria       Chrm/Tloc      ##........   52%         2    None
 Slow                     Hex            ##......     52%         2    None
 Song of Slaying          Chrm           ##......     52%         2    None
 Sticks to Snakes         Tmut           ##......     52%         2    None
 Swiftness                Chrm/Air       ##......     52%         2    None
 Throw Flame              Conj/Fire      ##....       52%         2    None
 Death Channel            Necr           ######....   54%         6    #####..
 Conjure Flame            Conj/Fire      ##......     75%         3    None
 Gell's Gravitas          Tloc           ##........   75%         3    None
 Ignite Poison            Fire/Tmut/Pois ##......     75%         3    None
 Inner Flame              Hex/Fire       ##......     75%         3    None
 Lesser Beckoning         Tloc           ##........   75%         3    None
 Mephitic Cloud           Conj/Pois/Air  ##......     75%         3    None
 Portal Projectile        Hex/Tloc       ##....       75%         3    None
 Spectral Weapon          Hex/Chrm       ##......     75%         3    None
 Spider Form              Tmut/Pois      ##........   75%         3    None
 Stone Arrow              Conj/Erth      ##....       75%         3    None
 Teleport Other           Tloc           ##......     75%         3    None
 Bolt of Draining         Conj/Necr      #####.....   75%         5    ###....
 Borgnjor's Vile Clutch   Necr/Erth      #####.....   75%         5    ###....
 Excruciating Wounds      Chrm/Necr      #####.....   75%         5    ###....
 Cause Fear               Hex            ##........   98%         4    None
 Force Lance              Conj/Tloc      ##......     98%         4    None
 Fulminant Prism          Conj/Hex       ##........   98%         4    None
 Ice Form                 Ice/Tmut       ##......     98%         4    None
 Leda's Liquefaction      Hex/Erth       ##........   98%         4    None
 Olgreb's Toxic Radiance  Pois           ##......     98%         4    None
 Passage of Golubria      Tloc           N/A          98%         4    None
 Petrify                  Tmut/Erth      ##......     98%         4    None
 Sticky Flame             Conj/Fire      ##......     98%         4    None
 Simulacrum               Ice/Necr       #####.....   99%         6    #####..
 Alistair's Intoxication  Tmut/Pois      ##......     100%        5    ###....
 Blade Hands              Tmut           ##........   100%        5    ###....
 Fireball                 Conj/Fire      ##........   100%        5    ###....
 Iskenderun's Battlesphe  Conj/Chrm      ##......     100%        5    ###....
 Lee's Rapid Deconstruct  Erth           ##........   100%        5    ###....
 Metabolic Englaciation   Hex/Ice        ##........   100%        5    ###....
 Silence                  Hex/Air        ##........   100%        5    ###....
 Summon Forest            Summ/Tloc      ##........   100%        5    ###....
 Venom Bolt               Conj/Pois      ##........   100%        5    ###....
 Yara's Violent Unravell  Hex/Tmut       ##........   100%        5    ###....
 Bolt of Cold             Conj/Ice       ##........   100%        6    #####..
 Bolt of Fire             Conj/Fire      ##........   100%        6    #####..
 Darkness                 Hex            ##........   100%        6    #####..
 Deflect Missiles         Chrm/Air       ##........   100%        6    #####..
 Dispersal                Tloc           ##........   100%        6    #####..
 Freezing Cloud           Conj/Ice/Air   ##........   100%        6    #####..
 Hydra Form               Tmut           ##........   100%        6    #####..
 Invisibility             Hex            ##......     100%        6    #####..
 Ozocubu's Refrigeration  Ice            ##........   100%        6    #####..
 Poison Arrow             Conj/Pois      ##........   100%        6    #####..
 Shadow Creatures         Summ           N/A          100%        6    #####..
 Statue Form              Tmut/Erth      ##.......    100%        6    #####..
 Dragon Form              Tmut           ##........   100%        7    ######.
 Malign Gateway           Summ/Tloc      ##........   100%        7    ######.
 Monstrous Menagerie      Summ           ##........   100%        7    ######.
 Ring of Flames           Chrm/Fire      ##........   100%        7    ######.
 Summon Greater Demon     Summ           ##........   100%        7    ######.
 Summon Hydra             Summ           ##........   100%        7    ######.
 Chain Lightning          Conj/Air       ##........   100%        8    #######
 Discord                  Hex            ##........   100%        8    #######
 Disjunction              Tloc           ##........   100%        8    #######
 Ignition                 Fire           ##........   100%        8    #######
 Lehudib's Crystal Spear  Conj/Erth      ##........   100%        8    #######
 Summon Horrible Things   Summ           ##........   100%        8    #######
 Dragon's Call            Summ           ##........   100%        9    #######
 Fire Storm               Conj/Fire      ##........   100%        9    #######
 Glaciate                 Conj/Ice       ##........   100%        9    #######
 Blink                    Tloc           Unusable     N/A         2    N/A
 Controlled Blink         Tloc           Unusable     N/A         8    N/A

Dungeon Overview and Level Annotations

Branches:
Dungeon (1/1)

Altars:
Ashenzari
Cheibriados
Dithmenos
Elyvilon
Fedhas
Gozag
Hepliaklqana
Kikubaaqudgha
Makhleb
Nemelex Xobeh
Okawaru
Qazlal
Ru
Sif Muna
Trog
Uskayaw
Vehumet
Wu Jian
Xom
Yredelemnul
Zin
The Shining One
Beogh
Jiyva
Lugonu


Innate Abilities, Weirdness & Mutations

You cannot be hasted, slowed, berserked, paralysed or teleported.
You can dig through walls and to a lower floor.
Your four strong arms can wield two-handed weapons with a shield.
You have a pair of large antennae on your head. (SInv)


Message History

Your Fighting skill increases to level 20!
Visions of slaying the purple draconian annihilator flood into your mind.
You feel sick.
The black draconian breathes lightning at you.
The bolt of lightning hits you! You resist.
Your resistance to physical damage fades away.
You feel protected from electricity.
* * * LOW HITPOINT WARNING * * *
The bolt of lightning hits you! You resist.
You feel more protected from electricity.
* * * LOW HITPOINT WARNING * * *
The black draconian shifter blinks!
You block the purple draconian annihilator's attack.
BOUMMMMG!
The white draconian breathes frost at you.
The chilling blast hits your soul eater!
Your soul eater resists.
Your soul eater dies!
The chilling blast hits you! You resist.
You die... d

▓.... ▓... ...q...
▓.... ▓... .......
▓.... ▓...{.......
▓.... ▓........§.....
▓..).
▓..d............▓....
▓....qd.........▓=)..
▓.d)▓)dq....▓.. ▓.)..
▓..▓@▓§....▓.▓ .▓▓▓▓▓
▓d°§▓)°.....▓...▓....
▓.33{°§.........▓..|)
▓.......©.......▓...}
▓▓▓▓▓▓▓▓▓▓▓▓▓▓▓▓▓....
▓.... {


{{{{{{{{{{{ ▓.... { {{{{{{{{{{{ ▓.... {{{{{{{ ▓.... You could see a black
draconian, a yellow draconian, a red draconian, 2 draconians, a black draconian
shifter, 2 draconians, a friendly sun demon and a friendly sixfirhy.

Vanquished Creatures
  2 deep elf blademasters (D)
  A draconian monk (D)
  A draconian scorcher (D)
  4 fire giants (D)
  A nagaraja (D)
  3 draconian knights (D)
  A deep elf sorcerer (D)
  A draconian shifter (D)
  A deep elf elementalist (D)
  A draconian annihilator (D)
  2 ghouls (D)
  2 green draconians (D)
  A yellow draconian (D)
  3 purple draconians (D)
  3 deep elf annihilators (D)
  3 fire dragons (D)
  A deep elf high priest (D)
  A naga warrior (D)
  A hydra (D)
  A two-headed ogre (D)
  3 anacondas (D)
  2 hell hogs (D)
  2 vampire magi (D)
  3 soul eaters (D)
  2 deep elf knights (D)
  A deep elf archer (D)
  A necromancer (D)
  2 orc knights (D)
  3 deep elf magi (D)
  A cyclops (D)
  A worldbinder (D)
  5 orc sorcerers (D)
  2 guardian serpents (D)
  A black mamba (D)
  2 naga magi (D)
  A spiny frog (shapeshifter) (D)
  3 efreet (D)
  3 hellions (D)
  A polar bear (shapeshifter) (D)
  3 small abominations (D)
  A queen bee (shapeshifter) (D)
  A raiju (D)
  A hornet (shapeshifter) (D)
  2 jumping spiders (D)
  3 trolls (D)
  A shadow (D)
  A spriggan (shapeshifter) (D)
  A wraith (D)
  A large abomination (D)
  A yak (D)
  A basilisk (D)
  A neqoxec (D)
  2 fire elementals (D)
  2 wargs (D)
  A naga (D)
  3 porcupines (D)
  6 water moccasins (D)
  A hell hound (D)
  4 orc warriors (D)
  5 ogres (D)
  A necrophage (D)
  A bullfrog (D)
  A scorpion (D)
  2 wights (D)
  2 crimson imps (D)
  4 orc priests (D)
  3 orc wizards (D)
  Crazy Yiuf (D)
  2 iron imps (D)
  Jessica (D)
  10 adders (D)
  2 shadow imps (D)
  A white imp (D)
  2 ufetubi (D)
  A spectral adder (D)
  An adder zombie (D)
  4 adder skeletons (D)
  2 orcs (D)
  A bat skeleton (D)
  4 bat zombies (D)
  A jackal (D)
  6 ball pythons (D)
  A ball python zombie (D)
  A jackal skeleton (D)
  A jackal zombie (D)
  2 leopard gecko skeletons (D)
  A spectral giant cockroach (D)
  A crawling corpse (D)
  A fire vortex (D)
176 creatures vanquished.

Vanquished Creatures (collateral kills)
  A green draconian (D)
  A fire dragon (D)
  2 hell hogs (D)
  A thrashing horror (D)
  A necromancer (D)
  Sigmund (D)
  A basilisk (D)
  A small abomination (D)
  2 nagas (D)
  A water moccasin (D)
  2 orc warriors (D)
  Blork the orc (D)
  A wight (D)
  2 orc priests (D)
  An orc wizard (D)
  3 adders (D)
  An adder skeleton (D)
  A bat skeleton (D)
  A giant cockroach zombie (D)
25 creatures vanquished.

Vanquished Creatures (others)
  A hell hog (D)
  An ufetubus (D)
  A bat skeleton (D)
  A bat zombie (D)
4 creatures vanquished.

Grand Total: 205 creatures vanquished

Notes
Turn   | Place    | Note
-------+----------+-------------------------------------------
     0 | D        | Found the +6 Majin-Bo {vamp, Archmagi MP+6 Int+6}
     0 | D        | Found the +7 great mace "Firestarter" {inner flame, rF++}
     0 | D        | Kairos the Formicid Fighter began the quest for the Orb.
     0 | D        | Reached XP level 1. HP: 18/18 MP: 1/1
    19 | D        | Found a blossoming altar of Fedhas.
    20 | D        | Found a viscous altar of Jiyva.
    20 | D        | Found a hazy altar of Hepliaklqana.
    20 | D        | Found a transporter.
    20 | D        | Found an opulent altar of Gozag.
    20 | D        | Found an ancient bone altar of Kikubaaqudgha.
    20 | D        | Found a corrupted altar of Lugonu.
    30 | D        | Found a burning altar of Makhleb.
    31 | D        | Found an iron altar of Okawaru.
    31 | D        | Found a stormy altar of Qazlal.
    31 | D        | Found a sparkling altar of Nemelex Xobeh.
    31 | D        | Found a sacrificial altar of Ru.
    31 | D        | Found a deep blue altar of Sif Muna.
    34 | D        | Found a bloodstained altar of Trog.
    59 | D        | Found the +9 heavy crossbow "Sniper" {velocity, Acc+∞ SInv}
    59 | D        | Found the +10 dark maul {crush}
    59 | D        | Found the +15 Maxwell's patent armour {-Cast -Tele rElec
                  | MR+ rCorr}
    59 | D        | Found the +18 shield of the Gong {rElec rN+ MR+ EV-5}
    59 | D        | Found the cursed +14 obsidian axe {chop, +Fly SInv *Curse}
    61 | D        | Found the +6 shillelagh "Devastator" {shatter}
    61 | D        | Found the +11 plutonium sword {*Contam Stlth-}
    61 | D        | Found the +8 lance "Wyrmbane" {slay drac, rPois rF+ rC+
                  | AC+3}
    61 | D        | Found the +9 sword of Zonguldrok {reap}
    61 | D        | Found the cursed +13 scythe of Curses {drain, *Curse}
    61 | D        | Found the +0 sword of Power
    61 | D        | Found the +7 mace of Variability {chain chaos}
    61 | D        | Found the +7 Singing Sword {slice, sonic wave}
    61 | D        | Found the +7 longbow "Piercer" {penet, EV-2}
    77 | D        | Became a worshipper of Qazlal Stormbringer
   103 | D        | Reached skill level 3 in Axes
   103 | D        | Reached skill level 1 in Dodging
   103 | D        | Reached XP level 2. HP: 25/25 MP: 1/5
   156 | D        | Entered arena 2.
   156 | D        | Found a transporter.
   157 | D        | Identified the +6 whip "Tighaeq" {slash, rPois rC+}
   159 | D        | Reached skill level 5 in Fighting
   159 | D        | Reached skill level 5 in Armour
   159 | D        | Reached skill level 5 in Shields
   159 | D        | Reached XP level 3. HP: 33/33 MP: 6/6
   168 | D        | Entered arena 3.
   168 | D        | Noticed a scorpion
   168 | D        | Noticed a jumping spider
   168 | D        | Noticed a jumping spider
   168 | D        | Found a transporter.
   171 | D        | Killed a scorpion
   171 | D        | Reached * piety under Qazlal
   171 | D        | Reached XP level 4. HP: 40/40 MP: 7/7
   174 | D        | Killed a jumping spider
   174 | D        | Reached skill level 4 in Axes
   174 | D        | Reached XP level 5. HP: 42/49 MP: 8/8
   174 | D        | Reached XP level 6. HP: 48/56 MP: 9/9
   174 | D        | Killed a jumping spider
   174 | D        | Reached skill level 5 in Axes
   174 | D        | Reached XP level 7. HP: 54/63 MP: 10/10
   184 | D        | Entered arena 4.
   184 | D        | Noticed Sigmund
   184 | D        | Noticed Jessica
   184 | D        | Noticed Blork the orc
   184 | D        | Noticed Crazy Yiuf
   184 | D        | Found a transporter.
   187 | D        | Killed Crazy Yiuf
   187 | D        | Reached ** piety under Qazlal
   189 | D        | Killed Sigmund
   189 | D        | Reached skill level 6 in Axes
   191 | D        | Killed Blork the orc
   192 | D        | Killed Jessica
   200 | D        | Got the amulet of the Genius {Regen+ Int+7}
   220 | D        | Entered arena 5.
   220 | D        | Noticed a naga
   220 | D        | Found a transporter.
   222 | D        | Reached *** piety under Qazlal
   227 | D        | Killed a naga
   227 | D        | Reached skill level 10 in Fighting
   227 | D        | Reached skill level 7 in Axes
   227 | D        | Reached skill level 10 in Armour
   227 | D        | Reached XP level 8. HP: 72/72 MP: 11/11
   235 | D        | Entered arena 6.
   235 | D        | Found a transporter.
   237 | D        | Reached **** piety under Qazlal
   237 | D        | Noticed a smoke demon
   406 | D        | Entered arena 7.
   406 | D        | Noticed a spiny frog
   406 | D        | Noticed a queen bee
   406 | D        | Noticed a polar bear
   406 | D        | Noticed a hornet
   406 | D        | Noticed a spriggan
   407 | D        | Found a transporter.
   409 | D        | Killed a spriggan
   409 | D        | Reached skill level 8 in Axes
   412 | D        | Killed a spiny frog
   412 | D        | Reached ***** piety under Qazlal
   412 | D        | Reached skill level 9 in Axes
   413 | D        | Killed a polar bear
   413 | D        | Reached skill level 10 in Axes
   413 | D        | Reached XP level 9. HP: 81/81 MP: 12/12
   413 | D        | Killed a hornet
   414 | D        | Killed a queen bee
   414 | D        | Reached skill level 11 in Axes
   431 | D        | Entered arena 8.
   432 | D        | Found a transporter.
   436 | D        | Reached skill level 12 in Axes
   457 | D        | Entered arena 9.
   458 | D        | Found the ring of the Mage {Wiz MR++ Int+3}
   458 | D        | Identified the +10 morningstar of Perversion {crush, Dex+3}
   458 | D        | Found a transporter.
   461 | D        | Reached ****** piety under Qazlal
   479 | D        | Got the ring "Foupaf" {MP+9 Str+4}
   501 | D        | Entered arena 10.
   502 | D        | Found a transporter.
   506 | D        | Reached skill level 13 in Axes
   508 | D        | Reached XP level 10. HP: 89/89 MP: 13/15
   526 | D        | Identified a +0 pair of boots of running (You found it in
                  | the Dungeon)
   544 | D        | Entered arena 11.
   544 | D        | Noticed an eight-headed hydra
   545 | D        | Found a transporter.
   548 | D        | Reached skill level 14 in Axes
   550 | D        | Killed a 12-headed hydra
   550 | D        | Reached skill level 16 in Axes
   554 | D        | Reached skill level 5 in Spellcasting
   652 | D        | Entered arena 12.
   652 | D        | Noticed a naga warrior
   652 | D        | Noticed a naga mage
   652 | D        | Noticed a guardian serpent
   653 | D        | Noticed an anaconda
   653 | D        | Noticed a nagaraja
   654 | D        | Identified the +5 executioner's axe of Coruriul {chop,
                  | Str+3 Stlth+}
   654 | D        | Found a transporter.
   656 | D        | Killed a naga mage
   656 | D        | Reached skill level 17 in Axes
   656 | D        | Noticed a smoke demon
   661 | D        | Killed a nagaraja
   661 | D        | Reached skill level 18 in Axes
   661 | D        | Reached XP level 11. HP: 29/97 MP: 17/20
   662 | D        | Killed a naga warrior
   662 | D        | Killed an anaconda
   662 | D        | Reached skill level 19 in Axes
   782 | D        | Entered arena 13.
   782 | D        | Noticed a vampire mage
   782 | D        | Noticed a necromancer
   782 | D        | Noticed a vampire mage
   782 | D        | Noticed a necromancer
   783 | D        | Noticed a jiangshi
   795 | D        | Killed a vampire mage
   796 | D        | Killed a necromancer
   797 | D        | Killed a vampire mage
   800 | D        | Killed a necromancer
   801 | D        | Found a transporter.
   807 | D        | Got Qouv's Handbook of Glacial Enhancements
   810 | D        | Got the Compendium of Evil Transmutation
   875 | D        | Entered arena 14.
   875 | D        | Noticed a soul eater
   875 | D        | Noticed a ghoul
   876 | D        | Noticed a soul eater
   878 | D        | Noticed a soul eater
   880 | D        | Noticed a ghoul
   887 | D        | Killed a ghoul
   887 | D        | Reached skill level 20 in Axes
   892 | D        | Killed a soul eater
   892 | D        | Reached XP level 12. HP: 69/106 MP: 24/24
   896 | D        | Killed a ghoul
   900 | D        | Killed a soul eater
   902 | D        | Killed a soul eater
   906 | D        | Found a transporter.
   915 | D        | Got the Tome of Enthralling Evil Magic
   918 | D        | Got the ring "Tebop" {rN+ Str+5 Int+4}
   926 | D        | Got the ring of Oposmigo {-Tele *Corrode MP+9 EV+4 Str+7}
   976 | D        | Entered arena 15.
   977 | D        | Noticed an anaconda
   977 | D        | Noticed an anaconda
   979 | D        | Found a transporter.
   981 | D        | Killed an anaconda
   981 | D        | Reached skill level 21 in Axes
   983 | D        | Killed an anaconda
  1009 | D        | Got the Guide on Poisonous Enchantment
  1017 | D        | Entered arena 16.
  1017 | D        | Noticed a deep elf blademaster
  1017 | D        | Noticed a deep elf annihilator
  1017 | D        | Noticed a deep elf annihilator
  1018 | D        | Noticed a deep elf blademaster
  1019 | D        | Noticed a deep elf knight
  1026 | D        | Noticed a deep elf sorcerer
  1030 | D        | Identified the cursed +2 shortbow of Lies {flame, *Corrode
                  | +Blink rElec Str-5}
  1032 | D        | Killed a deep elf blademaster
  1032 | D        | Reached skill level 15 in Fighting
  1032 | D        | Reached skill level 22 in Axes
  1033 | D        | Noticed a deep elf annihilator
  1033 | D        | Killed a deep elf sorcerer
  1036 | D        | Noticed a deep elf knight
  1038 | D        | Killed a deep elf annihilator
  1038 | D        | Reached XP level 13. HP: 86/116 MP: 26/26
  1039 | D        | Killed a deep elf blademaster
  1039 | D        | Reached skill level 10 in Spellcasting
  1044 | D        | Killed a deep elf annihilator
  1045 | D        | Noticed a deep elf elementalist
  1045 | D        | Killed a deep elf annihilator
  1045 | D        | Reached skill level 23 in Axes
  1046 | D        | Noticed a deep elf high priest
  1052 | D        | Killed a deep elf elementalist
  1056 | D        | Killed a deep elf high priest
  1082 | D        | Found a transporter.
  1099 | D        | Got Sif Muna's Almanac of Augmentations and Darkness
  1147 | D        | Entered arena 17.
  1188 | D        | Found a transporter.
  1190 | D        | Found the +3 salamander hide armour {+Rage rF++}
  1204 | D        | Got the Disquisition on Malediction
  1211 | D        | Got the Compendium of Dislocated Stones
  1218 | D        | Got the ring "Xeruq" {+Fly rPois MR- Str+4 SInv}
  1234 | D        | Entered arena 18.
  1262 | D        | Reached skill level 24 in Axes
  1279 | D        | Found a transporter.
  1443 | D        | Entered arena 19.
  1458 | D        | Noticed a fire dragon
  1469 | D        | Noticed a fire dragon
  1471 | D        | Noticed a fire giant
  1472 | D        | Noticed a fire dragon
  1476 | D        | Identified the amulet "Qeim Mall" {rC+ Regen+ Str+2}
  1476 | D        | Noticed a fire giant
  1476 | D        | Identified the +8 war axe of a bailey {venom, rElec Str+5}
  1477 | D        | Killed a fire dragon
  1477 | D        | Reached skill level 5 in Invocations
  1477 | D        | Reached XP level 14. HP: 86/126 MP: 29/29
  1477 | D        | Noticed a fire giant
  1492 | D        | Noticed a fire giant
  1494 | D        | Killed a fire giant
  1500 | D        | Killed a fire giant
  1504 | D        | Reached skill level 25 in Axes
  1506 | D        | Killed a fire giant
  1508 | D        | Killed a fire giant
  1509 | D        | Found a transporter.
  1585 | D        | Got the Papyrus of the Lucky Blaze
  1641 | D        | Learned a level 3 spell: Regeneration
  1655 | D        | Entered arena 20.
  1667 | D        | Identified the amulet "Goilumm" {Gourm rC- rN+ Str+3 Dex+2}
  1667 | D        | Identified the amulet "Pixkun" {rC+ Regen+}
  1673 | D        | Identified the +0 mace of Mukua {flame, Dex+5}
  1677 | D        | Reached skill level 1 in Necromancy
  1708 | D        | Found a transporter.
  1722 | D        | Got Doojyun's Catalogue of Air
  1756 | D        | Entered arena 21.
  1763 | D        | Noticed a yellow draconian shifter
  1764 | D        | Noticed a green draconian
  1764 | D        | Noticed a yellow draconian
  1764 | D        | Noticed a purple draconian
  1764 | D        | Noticed a white draconian
  1764 | D        | Noticed a red draconian annihilator
  1764 | D        | Noticed a purple draconian knight
  1764 | D        | Noticed a purple draconian annihilator
  1765 | D        | Noticed a yellow draconian knight
  1765 | D        | Identified the ring of the Solstice {rElec rF+ AC+3}
  1765 | D        | Noticed a green draconian
  1765 | D        | Noticed a green draconian
  1765 | D        | Noticed a black draconian
  1765 | D        | Noticed a white draconian
  1765 | D        | Identified the +4 quarterstaff of Bilenom {freeze, Int+2}
  1765 | D        | Noticed a yellow draconian
  1766 | D        | Noticed a yellow draconian
  1766 | D        | Noticed a yellow draconian annihilator
  1767 | D        | Noticed a red draconian
  1767 | D        | Noticed a yellow draconian monk
  1768 | D        | Noticed a green draconian knight
  1768 | D        | Noticed a black draconian
  1769 | D        | Noticed a purple draconian
  1769 | D        | Noticed a purple draconian annihilator
  1769 | D        | Identified the +5 morningstar "Gouhoh" {crush, *Slow rF+
                  | Str+4 Dex+2}
  1769 | D        | Noticed a black draconian shifter
  1769 | D        | Noticed a purple draconian
  1773 | D        | Killed a yellow draconian annihilator
  1773 | D        | Reached skill level 5 in Necromancy
  1774 | D        | Noticed a black draconian scorcher
  1779 | D        | Killed a yellow draconian shifter
  1785 | D        | Killed a green draconian
  1785 | D        | Reached skill level 26 in Axes
  1789 | D        | Killed a green draconian knight
  1790 | D        | Killed a yellow draconian knight
  1793 | D        | Killed a green draconian
  1793 | D        | Reached XP level 15. HP: 76/138 MP: 32/32
  1795 | D        | Killed a purple draconian knight
  1799 | D        | Killed a yellow draconian monk
  1799 | D        | Reached skill level 15 in Armour
  1806 | D        | Reached skill level 10 in Necromancy
  1811 | D        | Killed a black draconian scorcher
  1811 | D        | Killed from afar by a white draconian

Skill      XL: |  1  2  3  4  5  6  7  8  9 10 11 12 13 14 15 |
---------------+----------------------------------------------+-----
Fighting       | 4 5 7 8 10 11 12 13 15 16 18 20 | 20.1
Axes           | 3 4 5 7 10 13 18 20 22 24 26 | 26.0
Armour         | 4 5 7 9 10 11 12 13 14 15 | 15.4
Dodging        | 1 |  1.9
Stealth        | 3 4 |  4.5
Shields        | 4 5 6 9 |  9.1
Spellcasting   | 2 3 6 8 9 11 13 14 | 14.2
Invocations    | 2 5 9 |  9.1
Evocations     | 2 |  2.3
Necromancy     | 7 10 | 10.9

Action                   |  1- 3 |  4- 6 |  7- 9 | 10-12 | 13-15 || total
-------------------------+-------+-------+-------+-------+-------++-------
Melee: Broad axe         |     4 |     3 |    39 |    80 |   176 ||   302
Invok: Upheaval          |       |       |       |     1 |       ||     1
       Disaster Area     |       |       |       |       |     1 ||     1
  Use: Potion            |     1 |       |       |     2 |     7 ||    10
       Scroll            |       |       |     1 |     2 |     6 ||     9
 Stab: Distracted        |       |       |     2 |     1 |     1 ||     4
       Invisible         |       |       |       |       |     3 ||     3
  Eat: Ration            |       |       |       |       |     1 ||     1
Armor: Gold dragon scale |     1 |     3 |    18 |    57 |    39 ||   118
Dodge: Dodged            |     1 |       |     2 |     7 |    16 ||    26
       Deflected         |       |       |       |     3 |     1 ||     4
Block: Shield            |     1 |     6 |    71 |   143 |   209 ||   430
